 Dungeon Sprint DCSS version 0.29.1-2-gbd0b4ee654 (webtiles) character file.

Game seed: 11141834027279026832

263 boopmooplesden the Fighter (level 5, -1/58 HPs)
             Began as a Minotaur Berserker on Nov 25, 2022.
             Was a Believer of Trog.
             Slain by a slime creature (15 damage)
             ... in the Dungeon (Sprint I: "Red Sonja").
             The game lasted 00:00:35 (378 turns).

boopmooplesden the Fighter (Minotaur Berserker)      Turns: 378, Time: 00:00:35

Health: -1/58      AC:  3    Str: 24    XL:     5   Next: 98%
Magic:  4/4        EV: 12    Int:  4    God:    Trog [**....]
Gold:   162        SH:  0    Dex:  9    Spells: 4/4 levels left

rFire   . . .      SeeInvis .   k - +0 club (spect)
rCold   . . .      Faith    .   (no shield)
rNeg    . . .      Spirit   .   l - +0 leather armour
rPois   .          Reflect  .   (helmet restricted)
rElec   .          Harm     .   (no cloak)
rCorr   .          Rampage  .   (no gloves)
Will    .....      NoTele   +   (no boots)
Stlth   +.........              (no amulet)
HPRegen 0.19/turn               (no ring)
MPRegen 0.09/turn               (no ring)

@: no status effects
A: horns 2, retaliatory headbutt
a: Renounce Religion, Berserk, Trog's Hand


You were in the Dungeon.
You worshipped Trog.
Trog was pleased with you.
You visited 1 branch You collected 162 gold pieces.

Inventory:

Hand Weapons
 a - a +0 falchion
 k - a +0 spectral club (weapon)
Armour
 b - a +0 animal skin
 l - a +0 leather armour (worn)
Wands
 i - a wand of mindburst (9)
Scrolls
 h - a scroll of blinking
Potions
 c - a potion of curing
 d - a potion of heal wounds
 e - a potion of haste
 f - 2 potions of magic
 g - a potion of berserk rage
 j - a potion of brilliance {unknown}


   Skills:
 + Level 10.1 Fighting
 + Level 9.9 Long Blades
 + Level 1.0 Maces & Flails
 + Level 5.4 Armour
 + Level 4.7 Dodging


You had 4 spell levels left.
You didn't know any spells.
Your spell library was empty.

Dungeon Overview and Level Annotations

Branches:
Dungeon (1/1)

Altars:
Makhleb
Xom
Jiyva
Lugonu


Innate Abilities, Weirdness & Mutations

You have a pair of horns on your head.
You reflexively headbutt those who attack you in melee.


Message History

The slime creature quivers.
The slime creature moves out of view.
Found a burning altar of Makhleb and a shimmering altar of Xom.
Found a viscous altar of Jiyva and a corrupted altar of Lugonu.
The slime creature hits you!
There is an open door, spattered with blood here.
You barely miss the slime creature.
Your +0 spectral club hits the slime creature.
The slime creature closely misses you. The slime creature hits you.
You hit the slime creature but do no damage.
You headbutt the slime creature!
The slime creature is moderately wounded.
Your +0 spectral club hits the slime creature!
The slime creature hits you!
You hit the slime creature.
The slime creature is heavily wounded.
Your +0 spectral club hits the slime creature.
The slime creature hits you.
You hit the slime creature. You headbutt the slime creature.
The slime creature is heavily wounded.
Your +0 spectral club hits the slime creature.
The slime creature hits your +0 spectral club!
Your spectral weapon shares its damage with you!
* * * LOW HITPOINT WARNING * * *
You hit the slime creature. You headbutt the slime creature.
The slime creature is severely wounded.
Your +0 spectral club hits the slime creature.
The slime creature hits you.
* * * LOW HITPOINT WARNING * * *
The slime creature completely misses you.
You hit the slime creature but do no damage.
The slime creature is severely wounded.
Your +0 spectral club hits the slime creature.
Your +0 spectral club fades away.
The slime creature closely misses you.
You hit the slime creature but do no damage.
The slime creature is severely wounded.
Your +0 spectral club hits the slime creature.
The slime creature hits you!
You die...

###################
#<.#..'..#.)'..#J_#
#..'÷.#.)'..#..@(.+
#..#####'#####+#__#
#..# #..# ### #..#
#### #..# #⌠⌠# ####


You could see a slime creature and a friendly +0 spectral club (summoned).

Vanquished Creatures
  Sigmund (D)
  An ogre (D)
  Ijyb (D)
3 creatures vanquished.

Notes
Turn   | Place    | Note
-------+----------+-------------------------------------------
     0 | D        | boopmooplesden the Minotaur Berserker began the quest for
                  | the Orb.
     0 | D        | Reached XP level 1. HP: 19/19 MP: 0/0
     1 | D        | Noticed Ijyb
     8 | D        | Killed Ijyb
     9 | D        | Reached skill level 5 in Fighting
     9 | D        | Reached skill level 5 in Long Blades
     9 | D        | Reached XP level 2. HP: 4/30 MP: 1/1
   284 | D        | Noticed an ogre
   287 | D        | Killed an ogre
   288 | D        | Reached skill level 7 in Fighting
   288 | D        | Reached XP level 3. HP: 34/40 MP: 2/2
   288 | D        | Reached XP level 4. HP: 41/48 MP: 3/3
   329 | D        | Noticed Sigmund
   338 | D        | Killed Sigmund
   338 | D        | Reached ** piety under Trog
   339 | D        | Reached skill level 10 in Fighting
   339 | D        | Reached skill level 1 in Maces & Flails
   339 | D        | Reached skill level 5 in Armour
   339 | D        | Reached XP level 5. HP: 41/58 MP: 4/4
   370 | D        | Found a burning altar of Makhleb.
   370 | D        | Found a shimmering altar of Xom.
   370 | D        | Noticed a slime creature
   371 | D        | Found a viscous altar of Jiyva.
   371 | D        | Found a corrupted altar of Lugonu.
   378 | D        | Slain by a slime creature

Illustrated notes

Levels and vault maps discovered:
D:        dungeon_sprint_1 [red_sonja_temple_1, red_sonja_temple_small_1]

Skill      XL: |  1  2  3  4 |
---------------+-------------+-----
Fighting       | 5 7 10 | 10.1
Long Blades    | 5 7 9 |  9.9
Armour         | 3 4 5 |  5.4
Dodging        | 3 4 |  4.7
Maces & Flails | 1 |  1.0

Action                   |  1- 3 |  4- 6 || total
-------------------------+-------+-------++-------
Melee: Falchion          |     5 |       ||     5
       Headbutt          |     1 |     4 ||     5
       Club              |     2 |    15 ||    17
       Punch             |     1 |       ||     1
Invok: Berserk           |     2 |       ||     2
Dodge: Dodged            |       |    10 ||    10
